 Dungeon Crawl Stone Soup version 0.28.0-47-ge53b351184 (webtiles) character file.

Game seed: 14158916280883411140

488 Cak3Hol3 the Ruffian (level 6, -4/61 HPs)
             Began as a Troll Berserker on May 4, 2022.
             Was a Priest of Trog.
             Slain by a gnoll sergeant
             ... wielding a +2 vampiric trident
              (6 damage)
             ... on level 4 of the Dungeon.
             The game lasted 00:17:39 (2778 turns).

Cak3Hol3 the Ruffian (Troll Berserker)              Turns: 2778, Time: 00:17:39

Health: -4/61      AC:  9    Str: 28    XL:     6   Next: 90%
Magic:  5/5        EV: 10    Int:  3    God:    Trog [***...]
Gold:   156        SH:  0    Dex:  9    Spells: 5/5 levels left

rFire   . . .      SeeInvis .     - Unarmed
rCold   . . .      Faith    .   (no shield)
rNeg    . . .      Spirit   .   a - +0 animal skin
rPois   .          Reflect  .   (helmet restricted)
rElec   .          Harm     .   c - +0 cloak
rCorr   .          Rampage  .   (gloves unavailable)
Will    ++...                   (boots unavailable)
Stlth   +.........              (no amulet)
HPRegen 2.00/turn               o - +4 ring of protection
MPRegen 0.09/turn               (no ring)

@: strong-willed, on berserk cooldown, regenerating, slowed, very slow
A: large, unfitting armour, claws 3, regeneration 1, shaggy fur 1, tough skin 1
a: Renounce Religion, Berserk, Trog's Hand


You were on level 4 of the Dungeon.
You worshipped Trog.
Trog was most pleased with you.
You visited 1 branch of the dungeon, and saw 4 of its levels.

You collected 156 gold pieces.

Inventory:

Hand Weapons
 r - a +2 dagger of venom
 z - a +0 giant club
 B - a +3 dagger
 D - a +0 glaive
Missiles
 l - 5 javelins
 v - 153 stones
 x - 44 arrows
Armour
 a - a +0 animal skin (worn)
 c - a +0 cloak (worn)
 t - a +1 scale mail of willpower
Jewellery
 o - a +4 ring of protection (left claw)
 y - an amulet of faith
Wands
 s - a wand of flame (14)
Scrolls
 b - a scroll of magic mapping {unknown}
 d - 3 scrolls of teleportation {unknown}
 f - 3 scrolls of identify {unknown}
 j - 4 scrolls of amnesia {unknown}
 k - a scroll of noise {unknown}
 p - a scroll of summoning {unknown}
 u - a scroll of holy word {unknown}
 A - a scroll of immolation {unknown}
 C - a scroll of fog {unknown}
Potions
 e - 2 potions of magic {unknown}
 g - a potion of mutation {unknown}
 h - a potion of resistance {unknown}
 i - a potion of cancellation {unknown}
 m - a potion of might {unknown}
 n - 4 potions of curing {unknown}
 q - a potion of ambrosia {unknown}
 w - a potion of heal wounds {unknown}


   Skills:
 + Level 3.0 Fighting
 + Level 0.1 Maces & Flails
 + Level 3.3 Dodging
 + Level 0.7 Stealth
 * Level 6.8 Unarmed Combat


You had 5 spell levels left.
You didn't know any spells.
Your spell library contained the following spells:

 Spells                   Type           Power      Damage    Failure   Level
 Animate Skeleton         Necr           0%         N/A       52%         1
 Pain                     Necr           0%         1d4       52%         1
 Corpse Rot               Necr/Air       0%         N/A       67%         2
 Poisonous Vapours        Pois/Air       0%         N/A       67%         2
 Gell's Gravitas          Tloc           0%         N/A       88%         3
 Lesser Beckoning         Tloc           0%         N/A       88%         3
 Teleport Other           Tloc           0%         N/A       88%         3
 Vampiric Draining        Necr           0%         2d6       88%         3


Dungeon Overview and Level Annotations

Branches:
Dungeon (4/15)
 Temple: D:4-7

Altars:
Kikubaaqudgha

Annotations:
D:4 1 transporter, burn09's ghost, amateur SpEn


Innate Abilities, Weirdness & Mutations

You are too large for most types of armour.
You have claws for hands.
Your natural rate of healing is unusually fast.
You are covered in fur. (AC +1)
You have tough skin. (AC +1)


Message History

Trog accepts your kill. The gnoll closely misses you.
The gnoll sergeant barely misses you.
You are too berserk!
There is a transporter landing site, spattered with blood here.
Things that are here:
a +0 dagger; a wand of charming (2); a gnoll corpse You can't go down here!
You can't go up here!
You feel a strong urge to attack something.
You are no longer berserk.
You are exhausted.
You feel yourself slow down. The gnoll barely misses you.
The gnoll sergeant hits you from afar with a +2 vampiric trident.
The gnoll sergeant hits you with a +2 vampiric trident!
The gnoll zaps a wand.
The puff of flame hits you but does no damage.
There is an open translucent door, spattered with blood here.
Things that are here:
a +0 spear; a gnoll corpse You claw the gnoll sergeant!
The gnoll sergeant is heavily wounded.
The gnoll barely misses you. The gnoll sergeant closely misses you.
The gnoll barely misses you.
The gnoll sergeant hits you with a +2 vampiric trident!
* * * LOW HITPOINT WARNING * * *
The gnoll sergeant draws strength from your wounds!
The gnoll sergeant closely misses you.
You claw the gnoll!
The gnoll is severely wounded.
The gnoll zaps a wand.
The puff of flame hits you!
* * * LOW HITPOINT WARNING * * *
The gnoll sergeant hits you but does no damage.
Activating: Trog's Hand (0% risk of failure)
Press: ? - help, Q - select action, (/) - cycle Dir - look around, f - activate Your skin crawls.
You feel strong-willed. The gnoll hits you with a +0 halberd.
* * * LOW HITPOINT WARNING * * *
The gnoll sergeant hits you from afar with a +2 vampiric trident.
You die...

##.......≈≈#.g#8###8#..#≈≈.......
##...<...≈≈##.###.###.##≈≈.......
#.......≈≈#...........#≈≈.......
#.......≈≈###.##'##.###≈≈.......
#.......≈≈..#.#...#.#..≈≈..#....
#.......≈≈.##.#⌠.⌠#.##.≈≈.##....
#.......≈≈.#©.#...#..#.≈≈.##....
##......≈≈.##.##.##.##.≈≈..+....
#####..≈≈..#.#@..#.#.....##....
#..≈≈.©#gg.©)'.#©....).....
#..≈≈..#.#8)8#.#......#....
#..≈≈.##.#####.##.≈≈.####..
#..≈≈.#[.#.gW#..#.≈≈.# #.#
#..≈≈.##.#..g#.##.≈≈.####.#
#..≈≈..#.#$..#.#..≈≈......#
#..≈≈###.##g##.###≈≈.######
#..≈≈#...........#≈≈.# #


You could see a gnoll sergeant and a gnoll.

Vanquished Creatures
  An ogre (D:4)
  A scorpion (D:3)
  A water moccasin skeleton (D:4)
  A bullfrog zombie (D:3)
  A gnoll shaman (D:4)
  Ijyb (D:3)
  2 adders
  8 gnolls
  A white imp (D:4)
  2 worms
  3 dart slugs (D:2)
  2 orcs (D:3)
  9 endoplasms
  4 giant cockroaches
  15 goblins
  12 hobgoblins
  3 jackals (D:3)
  4 quokkas
  5 ball pythons
  3 bats
  3 frilled lizards
  7 kobolds
  5 rats (D:1)
94 creatures vanquished.

Vanquished Creatures (others)
  6 plants (D:4)
6 creatures vanquished.

Grand Total: 100 creatures vanquished

Notes
Turn   | Place    | Note
-------+----------+-------------------------------------------
     0 | D:1      | Cak3Hol3 the Troll Berserker began the quest for the Orb.
     0 | D:1      | Reached XP level 1. HP: 22/22 MP: 0/0
    49 | D:1      | Found a faded altar of an unknown god.
    98 | D:1      | Reached XP level 2. HP: 29/29 MP: 1/1
   775 | D:2      | Reached ** piety under Trog
   777 | D:2      | Reached XP level 3. HP: 36/36 MP: 2/2
  1239 | D:3      | Reached skill level 4 in Unarmed Combat
  1239 | D:3      | Reached XP level 4. HP: 39/44 MP: 3/3
  1410 | D:3      | Reached XP level 5. HP: 52/52 MP: 4/4
  1528 | D:3      | Noticed Ijyb
  1541 | D:3      | Killed Ijyb
  1542 | D:3      | Reached skill level 5 in Unarmed Combat
  1615 | D:3      | Reached *** piety under Trog
  1682 | D:3      | Noticed an ogre
  1754 | D:4      | Found a transporter.
  2053 | D:4      | Reached XP level 6. HP: 59/59 MP: 5/5
  2131 | D:4      | Reached skill level 6 in Unarmed Combat
  2183 | D:4      | Found an ancient bone altar of Kikubaaqudgha.
  2318 | D:4      | Found a transporter.
  2334 | D:4      | Noticed burn09's ghost (amateur SpEn)
  2778 | D:4      | HP: 2/61 [gnoll/+0 halberd (6)]
  2778 | D:4      | Slain by a gnoll sergeant

Illustrated notes

Levels and vault maps discovered:
D:1:      pf_arrival_petrified_forest, layout_loops_ring,
          dreamdust_ecumenical_altar_statues, minmay_hedge_maze
D:2:      layout_basic, minivault_24
D:3:      kennysheep_goblin_castle, layout_basic, minmay_diced_spiral
D:4:      layout_basic, mainiacjoe_overflow_boulevard,
          gammafunk_ghost_gnarly_gnolls, lemuel_flame_loot_1

Skill      XL: |  1  2  3  4  5  6 |
---------------+-------------------+-----
Dodging        | 3 |  3.3
Unarmed Combat | 4 5 6 |  6.8
Fighting       | 3 |  3.0
Maces & Flails | |  0.1
Stealth        | |  0.7

Action                   |  1- 3 |  4- 6 || total
-------------------------+-------+-------++-------
Melee: Unarmed           |    83 |   102 ||   185
       Punch             |     3 |     4 ||     7
       Giant club        |       |    29 ||    29
Invok: Berserk           |       |     4 ||     4
       Trog's Hand       |       |     1 ||     1
 Stab: Sleeping          |     1 |       ||     1
Armor: Animal skin       |    28 |    60 ||    88
Dodge: Dodged            |    28 |    60 ||    88
